AoeStats
← crypto_zhupel

Arena

504273640Analyzed
2v2 RM · 27d ago on Sep 4, 2026· 18m 41s· 4 players
Game mode
Random Map
Map size
Medium (4 player)
Population
200
Speed
Normal
Resources
Standard
Victory
Conquest
Starting age
Dark Age
Ending age
Imperial Age
RankedLock teamsTeams togetherTeam positionsShared explorationLock speedFull tech treeHidden civsTurbo modeCheats
Victory
Defeat
🇷🇺 Jurchens · Russia
1382
+14
🇷🇺 Bulgarians · Russia
1359
+15
🇰🇷 Koreans · South Korea
1393
-17
🇰🇷 Cumans · South Korea
1278
-12
youteGG_mangoneluser
11:14 Feudal Age
15:14 Castle Age
13:03 Double-Bit Axe
13:01 Horse Collar
crypto_zhupel
6:40 Loom
10:07 Feudal Age
12:49 Double-Bit Axe
PLEASE, PLEASE, PLEASE
9:42 Feudal Age
Goembal
0:33 Loom
10:25 Feudal Age
10:52 Double-Bit Axe
12:13 Gold Mining
13:50 Fletching
Connection lost

Rejoining the realm…

Still unreachable

The connection could not be restored.

Session expired

The server has moved on; the page needs a fresh start.